 Dungeon Crawl Stone Soup version 0.28.0 (webtiles) character file.

Game seed: 2201609250256902407

86 croobank the Skirmisher (level 4, -2/29 HPs)
             Began as a Gargoyle Abyssal Knight on Feb 8, 2022.
             Was a Believer of Lugonu.
             Slain by an iguana (12 damage)
             ... on level 4 of the Dungeon.
             The game lasted 00:11:53 (2812 turns).

croobank the Skirmisher (Gargoyle Abyssal Knight)   Turns: 2812, Time: 00:11:54

Health: -2/29      AC:  8    Str: 16    XL:     4   Next: 49%
Magic:  5/5        EV: 11    Int: 13    God:    Lugonu [**....]
Gold:   92         SH:  0    Dex: 10    Spells: 0/5 levels left

rFire   . . .      SeeInvis +   y - +3 hand axe
rCold   . . .      Faith    .   (no shield)
rNeg    + . .      Spirit   .   h - +0 leather armour
rPois   ∞          Reflect  .   g - +0 helmet
rElec   +          Harm     .   (no cloak)
rCorr   .          Rampage  .   (no gloves)
Will    .....                   (no boots)
Stlth   +.........              (no amulet)
HPRegen 0.09/turn               o - ring of see invisible
MPRegen 0.09/turn               (no ring)

@: no status effects
A: sickness immunity, AC +3, negative energy resistance 1, electricity
resistance, torment resistance 1, petrification resistance
a: Renounce Religion, Depart the Abyss, Bend Space


You were on level 4 of the Dungeon.
You worshipped Lugonu.
Lugonu was pleased with you.
You visited 1 branch of the dungeon, and saw 4 of its levels.
You visited the Abyss 1 time.

You collected 92 gold pieces.

Inventory:

Hand Weapons
 a - a +2 whip of holy wrath
 b - a +0 hunting sling
 m - a +0 fustibalus
 p - a +1 mace
 r - a +0 short sword of venom
 t - a +0 rapier
 y - a +3 hand axe (weapon)
Missiles
 d - 82 stones
 i - 29 sling bullets
 j - 43 arrows
 n - 9 poisoned darts
Armour
 e - a +0 ring mail
 g - a +0 helmet (worn)
 h - a +0 leather armour (worn)
 C - a +0 scale mail
 D - a +0 plate armour
Jewellery
 o - a ring of see invisible (left hand)
 u - an amulet of faith
 v - a ring of ice
 w - an amulet of guardian spirit
Wands
 q - a wand of flame (16)
 z - a wand of mindburst (13)
 B - a wand of paralysis (8)
Scrolls
 A - a scroll of fear {unknown}
Potions
 f - a potion of lignification
 k - a potion of ambrosia
 l - 2 potions of brilliance
 s - a potion of haste
 x - 3 potions of degeneration {unknown}


   Skills:
 + Level 3.8 Fighting
 - Level 2.6 Maces & Flails
 + Level 0.1 Slings
 + Level 2.3 Armour
 + Level 1.1 Dodging
 + Level 0.2 Stealth
 * Level 1.1 Spellcasting
 + Level 0.7 Conjurations
 * Level 1.5 Fire Magic
 + Level 2.2 Invocations


You couldn't memorise any spells.
You knew the following spells:

 Your Spells              Type           Power      Damage    Failure   Level
a - Foxfire               Conj/Fire      12%        2x1d4     21%         1
b - Flame Wave            Conj/Fire      3%         2d4       90%         4

Your spell library contained the following spells:

 Spells                   Type           Power      Damage    Failure   Level
 Conjure Flame            Conj/Fire      3%         6-21      52%         3
 Inner Flame              Hex/Fire       2%         N/A       58%         3
 Ignite Poison            Fire/Tmut/Pois 2%         N/A       63%         3
 Gell's Gravitas          Tloc           0%         N/A       69%         3
 Lesser Beckoning         Tloc           0%         N/A       69%         3
 Teleport Other           Tloc           0%         N/A       69%         3
 Sticky Flame             Conj/Fire      3%         2d3       90%         4


Dungeon Overview and Level Annotations

Branches:
Dungeon (4/15)             Temple (0/1) D:4

Altars:
Makhleb
Wu Jian

Shops:
D:2 =   D:3 [


Innate Abilities, Weirdness & Mutations

You are immune to sickness and miasma.
Your stone body is resilient. (AC +3)
You are immune to poison.
You resist negative energy. (rN+)
You are resistant to electric shocks. (rElec)
You are resistant to unholy torment.
You are immune to petrification.


Message History

Found a short sword.
You now have 92 gold pieces (gained 8).
Found a scale mail.
B - a wand of paralysis (8)
Found a robe.
You see here a +0 scale mail.
C - a +0 scale mail This spell is potentially lethal to cast!
Memorise Flame Wave, consuming 4 spell levels and leaving 0?
You start memorising the spell.
You continue memorising. x4
You finish memorising.
Spell assigned to 'b'.
Found a stone staircase leading down.
d - 82 stones (gained 8)
There is a stone staircase leading down here.
Found a plate armour.
You see here a +0 plate armour.
D - a +0 plate armour
Found 19 sling bullets.
l - 2 potions of brilliance (gained 1)
i - 29 sling bullets (gained 19)
An iguana comes into view.
The iguana hisses angrily.
The iguana bites you!
You barely miss the iguana. The iguana bites you.
You hit the iguana.
The iguana is lightly wounded.
The iguana bites you but does no damage.
You barely miss the iguana.
The iguana is lightly wounded.
The iguana barely misses you.
The iguana bites you but does no damage.
You barely miss the iguana.
The iguana is lightly wounded.
The iguana bites you!
* * * LOW HITPOINT WARNING * * *
Okay, then.
Okay, then.
The iguana bites you but does no damage.
You feel better. The iguana bites you!
You die...

.####[.... #. ##......
#.##....... ######
#.#........ #....#
#.#........ #....#
#.#......). #....#
#.#........
###....#######.#........
#......@.>..............
#.....l##.######......).
#......##.# #........
#####+#....##.######........
#..........##...............
#......###########...#......
#.........# #...#.#....
#####.....# #...#.#...<
#.....# .......#.###..


You could see an iguana.

Vanquished Creatures
  2 adders
  A worm (D:2)
  2 orcs
  8 ball pythons
  5 endoplasms
  2 giant cockroaches (D:2)
  3 goblins
  11 hobgoblins
  4 quokkas
  3 bats
  5 frilled lizards
  8 kobolds
  6 rats
60 creatures vanquished.

Vanquished Creatures (others)
  32 foxfires
32 creatures vanquished.

Grand Total: 92 creatures vanquished

Notes
Turn   | Place    | Note
-------+----------+-------------------------------------------
     0 | Abyss:1  | croobank the Gargoyle Abyssal Knight began the quest for
                  | the Orb.
     0 | Abyss:1  | Reached XP level 1. HP: 14/14 MP: 2/2
    38 | D:1      | Escaped the Abyss
   233 | D:1      | Reached skill level 1 in Fire Magic
   236 | D:1      | Reached XP level 2. HP: 10/19 MP: 3/3
   239 | D:1      | Learned a level 1 spell: Foxfire
  1049 | D:2      | Reached XP level 3. HP: 16/23 MP: 2/4
  1337 | D:2      | Found Esoacrid's Jewellery Shop.
  1403 | D:2      | Reached ** piety under Lugonu
  1512 | D:2      | Reached skill level 1 in Spellcasting
  1714 | D:2      | Found a burning altar of Makhleb.
  1780 | D:2      | Found a faded altar of an unknown god.
  1928 | D:3      | Found Goasm's Armour Shop.
  2008 | D:3      | Reached skill level 1 in Dodging
  2097 | D:3      | Found an ornate altar of the Wu Jian Council.
  2199 | D:3      | Reached XP level 4. HP: 28/28 MP: 5/5
  2659 | D:4      | Found a staircase to the Ecumenical Temple.
  2705 | D:4      | Learned a level 4 spell: Flame Wave
  2812 | D:4      | Slain by an iguana

Illustrated notes

Levels and vault maps discovered:
D:1:      dpeg_arrival_water_fire, layout_rooms
D:2:      layout_basic, basic_altar, dreamdust_ecumenical_altar_statues,
          serial_shops, shop
D:3:      layout_rooms, mainiacjoe_overflow_concentric_impassable, serial_shops,
          shop
D:4:      layout_basic, minmay_temple_entry_sparse_star, minmay_starry_boxes

Skill      XL: |  1  2  3 |
---------------+----------+-----
Fire Magic     | 1 |  1.5
Spellcasting   | 1 |  1.1
Dodging        | 1 |  1.1
Fighting       | |  3.8
Maces & Flails | |  2.6
Slings         | |  0.1
Armour         | |  2.3
Stealth        | |  0.2
Conjurations   | |  0.7
Invocations    | |  2.2

Action                   |  1- 3 |  4- 6 || total
-------------------------+-------+-------++-------
Melee: Mace              |    68 |       ||    68
       Whip              |    31 |    27 ||    58
       Hand axe          |       |    17 ||    17
       Punch             |       |     2 ||     2
 Fire: Hunting sling     |       |     3 ||     3
 Cast: Foxfire           |    20 |       ||    20
  Use: Scroll            |     6 |     2 ||     8
       Potion            |       |     1 ||     1
Armor: Leather armour    |    40 |    15 ||    55
Dodge: Dodged            |    80 |    28 ||   108
